 Dungeon Crawl Stone Soup version 0.29-a0-284-gf9362112df (webtiles) character file.

Game seed: 5071688643103281228

73848 Zdeegee the Thaumaturge (level 15, 0/77 HPs)
             Began as a Vine Stalker Summoner on Mar 26, 2022.
             Was a High Priest of Sif Muna.
             Shot with an arrow by a centaur (1 damage)
             ... on level 2 of the Orcish Mines on Mar 28, 2022.
             The game lasted 01:27:35 (20949 turns).

Zdeegee the Thaumaturge (Vine Stalker Summoner)    Turns: 20949, Time: 01:27:37

Health: 0/77       AC: 10    Str: 11    XL:     15   Next: 44%
Magic:  0/34       EV: 12    Int: 32    God:    Sif Muna [*****.]
Gold:   2355       SH:  0    Dex: 18    Spells: 1/43 levels left

rFire   . . .      SeeInvis +   w - +7 spear of the Grand God {vorpal, Int+3 Dex+2}
rCold   . . .      Faith    .   (no shield)
rNeg    . . .      Spirit   +   J - +1 ring mail "Doekkymn" {Int+8}
rPois   .          Reflect  .   z - +0 helmet {SInv}
rElec   .          Harm     .   D - +0 cloak
rCorr   .          Rampage  .   U - +0 pair of gloves
Will    ++...                   (no boots)
Stlth   ++........              k - amulet of magic regeneration
HPRegen 1.02/turn               y - ring of wizardry
MPRegen 0.64/turn               W - ring of willpower

@: no status effects
A: fangs 3, regeneration 1, magic shield, antimagic bite, no potion heal 2
a: Renounce Religion, Channel Magic, Forget Spell, Divine Exegesis


You were on level 2 of the Orcish Mines.
You worshipped Sif Muna.
Sif Muna was extremely pleased with you.
You visited 4 branches of the dungeon, and saw 20 of its levels.
You also visited: Bailey and Volcano.

You collected 2355 gold pieces.

Inventory:

Hand Weapons
 r - the +8 long sword of Wuofudd {pain, rN++ Str+3 Int-5}
   (You found it on level 5 of the Dungeon)

   In the hands of one skilled in necromantic magic, it inflicts extra damage on
   living creatures.
   Str:       It affects your strength (+3).
   Int:       It affects your intelligence (-5).
   rN:        It greatly protects you from negative energy.
 w - the +7 spear of the Grand God (weapon) {vorpal, Int+3 Dex+2}
   (You found it on level 4 of the Dungeon)

   It inflicts extra damage upon your enemies.
   Int:       It affects your intelligence (+3).
   Dex:       It affects your dexterity (+2).
 N - a +1 vorpal demon whip
Missiles
 O - 4 throwing nets (quivered)
Armour
 a - a +1 robe of fire resistance
 c - the +1 robe of Keamaur {rPois}
   (You found it on level 4 of the Lair of Beasts)

   rPois:     It protects you from poison.
 i - a +1 scale mail of willpower
 l - an orb of mayhem
 z - a +0 helmet of see invisible (worn)
 D - a +0 cloak (worn)
 E - a +2 robe of cold resistance
 J - the +1 ring mail "Doekkymn" (worn) {Int+8}
   (You found it on level 7 of the Dungeon)

   Int:       It affects your intelligence (+8).
 U - a +0 pair of gloves (worn)
Magical Staves
 p - a staff of air
 P - a staff of fire
Jewellery
 k - an amulet of magic regeneration (around neck)
 t - a +6 ring of strength
 u - a ring of positive energy
 x - an amulet of the acrobat
 y - a ring of wizardry (left hand)
 W - a ring of willpower (right hand)
 Z - a ring of protection from cold
Wands
 s - a wand of paralysis (4)
 A - a wand of iceblast (8)
 C - a wand of flame (11)
Scrolls
 m - 2 scrolls of enchant armour
 n - 2 scrolls of fog
 o - 8 scrolls of teleportation
 H - a scroll of silence
 I - 2 scrolls of acquirement
 K - 2 scrolls of enchant weapon
 Q - a scroll of magic mapping
 R - 2 scrolls of summoning
 V - a scroll of torment {unknown}
Potions
 b - 2 potions of magic
 f - 3 potions of resistance
 g - 4 potions of haste
 h - 4 potions of lignification
 j - a potion of cancellation
 q - 11 potions of curing
 v - 2 potions of berserk rage
 B - 3 potions of brilliance
 L - a potion of might
 M - 8 potions of ambrosia
 T - a potion of flight
 X - 6 potions of heal wounds
Miscellaneous
 d - a phial of floods (inert)
 e - a condenser vane
 G - a box of beasts (inert)
 Y - a lightning rod (4/4)


   Skills:
 * Level 8.2 Fighting
 + Level 0.7 Maces & Flails
 + Level 4.0 Polearms
 + Level 4.3 Armour
 + Level 4.1 Dodging
 + Level 4.7 Stealth
 + Level 5.0 Shields
 + Level 0.3 Unarmed Combat
 * Level 14.9 Spellcasting
 * Level 14.1 Summonings
 * Level 9.0 Ice Magic
 * Level 8.5 Air Magic


You had one spell level left.
You knew the following spells:

 Your Spells              Type           Power      Damage    Failure   Level
a - Summon Small Mammal   Summ           100%       N/A       0%          1
b - Call Imp              Summ           85%        N/A       0%          2
c - Call Canine Familiar  Summ           85%        N/A       1%          3
d - Summon Lightning Spi  Summ/Air       77%        N/A       1%          4
e - Summon Ice Beast      Ice/Summ       78%        N/A       1%          4
f - Frozen Ramparts       Ice            100%       1d12      1%          3
g - Summon Hydra          Summ           42%        N/A       4%          7
h - Blink                 Tloc           46%        N/A       2%          2
i - Freezing Cloud        Conj/Ice/Air   28%        6-21      4%          5
j - Lightning Bolt        Conj/Air       25%        1d41      8%          5
k - Summon Cactus Giant   Summ           42%        N/A       1%          6

Your spell library contained the following spells:

 Spells                   Type           Power      Damage    Failure   Level
 Animate Skeleton         Necr           46%        N/A       1%          1
 Apportation              Tloc           46%        N/A       1%          1
 Magic Dart               Conj           96%        1d7       1%          1
 Pain                     Necr           92%        1d8       1%          1
 Sting                    Tmut/Pois      92%        1d7       1%          1
 Corpse Rot               Necr/Air       100%       N/A       1%          2
 Poisonous Vapours        Pois/Air       100%       N/A       1%          2
 Mephitic Cloud           Conj/Pois/Air  42%        N/A       1%          3
 Ozocubu's Armour         Ice            69%        N/A       1%          3
 Summon Guardian Golem    Hex/Summ       62%        N/A       1%          3
 Sublimation of Blood     Necr           23%        N/A       2%          2
 Wereblood                Tmut           23%        N/A       2%          2
 Ice Form                 Ice/Tmut       52%        N/A       2%          4
 Inner Flame              Hex/Fire       23%        N/A       4%          3
 Portal Projectile        Hex/Tloc       46%        N/A       4%          3
 Spider Form              Tmut/Pois      23%        N/A       4%          3
 Vampiric Draining        Necr           23%        2d7       4%          3
 Silence                  Hex/Air        25%        N/A       8%          5
 Animate Dead             Necr           11%        N/A       16%         4
 Leda's Liquefaction      Hex/Erth       11%        N/A       16%         4
 Olgreb's Toxic Radiance  Pois           23%        N/A       16%         4
 Ozocubu's Refrigeration  Ice            34%        4d11      32%         7
 Summon Horrible Things   Summ           42%        N/A       32%         8
 Simulacrum               Ice/Necr       26%        N/A       34%         6
 Agony                    Necr           23%        N/A       41%         5
 Alistair's Intoxication  Tmut/Pois      15%        N/A       41%         5
 Borgnjor's Vile Clutch   Necr/Erth      11%        N/A       41%         5
 Lee's Rapid Deconstruct  Erth           11%        3d9*      41%         5
 Manifold Assault         Tloc           23%        N/A       41%         5
 Yara's Violent Unravell  Hex/Tmut       11%        3d6       41%         5
 Storm Form               Tmut/Air       25%        N/A       90%         7
 Death Channel            Necr           11%        N/A       91%         6
 Statue Form              Tmut/Erth      15%        N/A       91%         6
 Maxwell's Capacitive Co  Air            34%        ∞         95%         8
 Ignition                 Fire           11%        3d5       100%        8
 Death's Door             Necr           11%        N/A       100%        9


Dungeon Overview and Level Annotations

Branches:
Dungeon (11/15)            Temple (1/1) D:7            Lair (6/6) D:9
 Shoals (0/4) Lair:3        Snake (0/4) Lair:2        Slime (0/5) Lair:5
    Orc (2/2) D:10         Bailey (visited)         Volcano (visited)
    Elf: Orc:2

Altars:
Ashenzari
Cheibriados
Dithmenos
Elyvilon
Fedhas
Gozag
Hepliaklqana
Kikubaaqudgha
Makhleb
Nemelex Xobeh
Okawaru
Qazlal
Ru
Sif Muna
Trog
Uskayaw
Vehumet
Wu Jian
Xom
Yredelemnul
Zin
The Shining One
Jiyva

Shops:
Orc:1 (

Annotations:
D:5 1 runed translucent door
D:11 8 transporters, sirJeffrey23's ghost, journeyman HOMo
Lair:4 1 runed translucent door, drugrobin's ghost, journeyman DgFi
Lair:5 1 runed translucent door


Innate Abilities, Weirdness & Mutations

You have razor-sharp teeth.
Your natural rate of healing is unusually fast.
When hurt, damage is shared between your health and your magic reserves.
Your bite disrupts and absorbs the magic of your enemies.
Potions cannot restore your health.


Message History

The orc warrior shoots a bolt.
The bolt hits you!
An orc comes into view. It is wielding a +0 dagger.
The orc warrior shoots a bolt.
The bolt hits you!
The centaur shoots an arrow.
The arrow hits your eight-headed hydra!
Your eight-headed hydra seems to slow down.
The arrow freezes your eight-headed hydra.
The centaur shoots an arrow.
The arrow hits your eight-headed hydra!
The ogre moves out of view.
There is a stone staircase leading up, spattered with blood here.
Things that are here:
a +0 dire flail; a +0 plate armour; an orc corpse
Casting: Summon Cactus Giant (dangerous; 1% risk of failure)
Confirm with . or Enter, or press ? or * to list all spells.
Aiming: Freezing Cloud (dangerous; 4% risk of failure)
Press: ? - help, Dir - move target An ogre comes into view.
It is wielding a +0 giant spiked club.
The orc warrior is engulfed in freezing vapours.
The orc warrior shoots a bolt.
The bolt hits you!!
* * * LOW HITPOINT WARNING * * *
The orc warrior shoots a bolt.
The bolt hits you!
* * * LOW HITPOINT WARNING * * *
The centaur shoots an arrow.
The arrow hits your eight-headed hydra!
The arrow freezes your eight-headed hydra.
The centaur shoots an arrow.
The arrow hits your eight-headed hydra!
Your eight-headed hydra dies!
Your eight-headed hydra's corpse disappears in a puff of smoke!
You hear a shout!
The centaur unwields a +0 shortbow.
The centaur is struck by your cactus giant's spines.
The centaur dies!
Sif Muna accepts your kill.
The orc warrior is engulfed in freezing vapours.
The orc warrior shoots a bolt.
The bolt hits you.
* * * LOW HITPOINT WARNING * * *
Your cactus giant hits the centaur with a +0 giant spiked club.
The orc warrior shoots a bolt.
The bolt barely misses you.
The centaur shoots an arrow.
The arrow hits you.
* * * LOW HITPOINT WARNING * * *
The arrow freezes you.
You die...

.#...........
......#......##
..............#
........$....#
..$.........##
.............##
..$...........#
........)....##
#......@...###
#..§§§§§h..#
...○§§#cCY.#
#§o§§§o).....
#§§§o.........#
.§§§.Oo....#.##
oO.o........##
#.....#....##


You could see 3 orc warriors, 2 ogres, a centaur (ally target), an orc wizard, 2
orcs, a friendly cactus giant (summoned), a friendly warg (summoned) and a
friendly ice beast (summoned).

Vanquished Creatures
  An orc warlord (Orc:1)
  A hydra (Lair:6)
  A catoblepas (Lair:6)
  An orc high priest (Orc:1)
  A lindwurm (Lair:4)
  2 manticores
  2 orc sorcerers (Orc:1)
  2 black mambas
  2 elephants (Lair:2)
  2 torpor snails
  2 rime drakes
  4 cane toads
  6 komodo dragons
  9 blink frogs
  28 yaks
  A wraith (D:11)
  2 wyverns
  A basilisk (Lair:2)
  A vampire mosquito (D:10)
  12 water moccasins
  2 orc warriors
  An ice beast (D:7)
  A swamp drake (Lair:4)
  2 black bears
  3 wolves
  A centaur (Orc:2)
  A necrophage (D:5)
  10 bullfrogs
  A scorpion (D:5)
  4 wights
  13 killer bees
  2 howler monkeys (D:11)
  3 electric eels
  A lava snake (Lair:2)
  7 hell rats
  10 orc wizards
  4 nameless horrors
  3 gnolls
  9 adders
  A shadow imp (D:6)
  An ufetubus (D:6)
  A dart slug (D:5)
  21 orcs
  A ball python (D:3)
  5 bats
  4 endoplasms
  2 giant cockroaches
  7 goblins
  3 hobgoblins
  2 quokkas (D:1)
  2 frilled lizards (D:1)
  3 kobolds (D:1)
  5 rats
217 creatures vanquished.

Vanquished Creatures (collateral kills)
  An orc warlord (Orc:1)
  A red draconian (Volcano)
  Snorg (Lair:5)
  Harold (D:10)
  A boulder beetle (D:11)
  5 hydras
  3 catoblepae
  2 two-headed ogres
  5 death yaks (Lair:6)
  2 nameless horrors
  A salamander mystic (Volcano)
  Amaemon (D:8)
  An orc sorcerer (Orc:1)
  2 manticores
  6 orc knights
  3 salamanders (Volcano)
  A cyclops (Volcano)
  6 gargoyles
  4 elephants
  9 cane toads
  3 black mambas (Lair:6)
  An orange demon (D:8)
  5 molten gargoyles (Volcano)
  A kobold demonologist (D:11)
  5 rime drakes
  6 komodo dragons
  The ghost of SirDiesAlot the Vexing, a novice DEAM of Sif Muna (D:5)
  2 merfolk (Lair:3)
  A queen bee (Lair:3)
  2 trolls (Orc:1)
  A hornet (D:8)
  9 blink frogs
  3 dream sheep (Lair:6)
  A vampire (D:10)
  2 shadows (D:11)
  A wraith (D:11)
  A fire bat (D:6)
  7 basilisks
  41 yaks
  4 wyverns
  5 vampire mosquitoes
  A steam dragon (D:9)
  2 wargs (Orc:1)
  2 nagas (Lair:2)
  24 water moccasins
  2 hell hounds (Orc:1)
  A sky beast (D:7)
  2 black bears (D:5)
  34 orc warriors
  6 ogres
  4 wolves
  2 centaurs (Orc:2)
  A phantom (D:4)
  A kobold brigand (D:9)
  10 bullfrogs
  A necrophage (D:4)
  A scorpion (D:6)
  2 gnoll sergeants
  3 wights
  15 killer bees
  3 electric eels
  2 howler monkeys
  9 orc priests
  2 hounds
  3 jellies
  3 iguanas
  7 hell rats
  4 orc wizards
  12 gnolls
  10 adders
  A river rat (Lair:3)
  A white imp (D:8)
  2 ufetubi
  A worm (D:2)
  4 dart slugs
  56 orcs
  5 endoplasms
  3 giant cockroaches
  9 goblins
  8 hobgoblins
  2 quokkas
  6 ball pythons
  3 bats
  5 frilled lizards
  4 kobolds
  6 rats
443 creatures vanquished.

Vanquished Creatures (others)
  A dream sheep (Lair:6)
  46 fungi
  59 plants
106 creatures vanquished.

Grand Total: 766 creatures vanquished

Notes
Turn   | Place    | Note
-------+----------+-------------------------------------------
     0 | D:1      | Zdeegee the Vine Stalker Summoner began the quest for the
                  | Orb.
     0 | D:1      | Reached XP level 1. HP: 9/9 MP: 4/4
   386 | D:1      | Reached XP level 2. HP: 12/13 MP: 1/6
   531 | D:1      | Learned a level 2 spell: Call Imp
  1007 | D:1      | Reached XP level 3. HP: 16/16 MP: 0/8
  1011 | D:1      | Learned a level 3 spell: Call Canine Familiar
  1660 | D:1      | Found a faded altar of an unknown god.
  2395 | D:2      | Gained mutation: Your natural rate of healing is unusually
                  | fast. [Vine Stalker growth]
  2395 | D:2      | Reached XP level 4. HP: 21/21 MP: 2/9
  3348 | D:3      | Reached XP level 5. HP: 24/24 MP: 6/11
  3379 | D:3      | Reached skill level 1 in Air Magic
  3746 | D:3      | Reached skill level 5 in Summonings
  3978 | D:4      | Found a sacrificial altar of Ru.
  4147 | D:4      | Noticed a phantom
  4158 | D:4      | Reached XP level 6. HP: 26/29 MP: 9/13
  4165 | D:4      | Reached skill level 1 in Fighting
  4165 | D:4      | Reached skill level 1 in Ice Magic
  4319 | D:4      | Identified the +7 spear of the Grand God {vorpal, Int+3
                  | Dex+2}
  4652 | D:4      | Learned a level 4 spell: Summon Lightning Spire
  4669 | D:5      | Entered Level 5 of the Dungeon
  4684 | D:5      | Reached XP level 7. HP: 33/33 MP: 9/14
  4780 | D:5      | Found a runed translucent door.
  4882 | D:5      | Found a runed translucent door.
  4882 | D:5      | Noticed SirDiesAlot's ghost (novice DEAM)
  4887 | D:5      | Reached skill level 5 in Spellcasting
  4936 | D:5      | Gained mutation: You have razor-sharp teeth. [Vine Stalker
                  | growth]
  4936 | D:5      | Reached XP level 8. HP: 38/38 MP: 13/16
  5019 | D:5      | Learned a level 4 spell: Summon Ice Beast
  5029 | D:5      | Noticed a wyvern
  5038 | D:5      | Killed a wyvern
  5446 | D:5      | Killed SirDiesAlot's ghost
  5458 | D:5      | Identified the +8 long sword of Wuofudd {pain, rN++ Str+3
                  | Int-5}
  5539 | D:5      | Learned a level 3 spell: Frozen Ramparts
  5570 | D:6      | Reached XP level 9. HP: 28/43 MP: 7/19
  5701 | D:6      | Reached skill level 1 in Polearms
  5899 | D:6      | Found a transporter.
  5993 | D:6      | Found a transporter.
  6250 | D:7      | Found a flagged portal.
  6289 | Bailey   | Entered a bailey
  6580 | Bailey   | Noticed an orc knight
  7236 | D:7      | Identified the +1 ring mail "Doekkymn" {Int+8}
  7319 | D:7      | Found a staircase to the Ecumenical Temple.
  7327 | Temple   | Entered the Ecumenical Temple
  7634 | Temple   | Became a worshipper of Sif Muna the Loreminder
  7980 | D:8      | Noticed a hornet
  7997 | D:8      | Killed a hornet
  7998 | D:8      | Reached skill level 1 in Shields
  7998 | D:8      | Reached XP level 10. HP: 49/49 MP: 11/22
  8198 | D:8      | Noticed Amaemon
  8210 | D:8      | Noticed an orange demon
  8215 | D:8      | Killed Amaemon
  8216 | D:8      | Reached skill level 1 in Armour
  8220 | D:8      | Killed an orange demon
  8656 | D:9      | Noticed an elephant
  8669 | D:9      | Killed an elephant
  8676 | D:9      | Reached skill level 5 in Ice Magic
  8699 | D:9      | Found a staircase to the Lair.
  8720 | D:9      | Noticed a catoblepas
  8741 | D:9      | Killed a catoblepas
  8742 | D:9      | Reached XP level 11. HP: 50/54 MP: 10/25
  8783 | D:9      | Reached * piety under Sif Muna
  8829 | D:9      | Noticed a two-headed ogre
  8839 | D:9      | Killed a two-headed ogre
  9212 | D:9      | Noticed a manticore
  9214 | D:9      | Reached skill level 10 in Summonings
  9229 | D:9      | Killed a manticore
  9735 | D:10     | Entered Level 10 of the Dungeon
  9735 | D:10     | Noticed Harold
  9735 | D:10     | Found a staircase to the Orcish Mines.
  9957 | D:10     | Killed Harold
  9958 | D:10     | Reached skill level 10 in Spellcasting
  9958 | D:10     | Reached skill level 5 in Air Magic
  9966 | D:10     | Reached ** piety under Sif Muna
  9993 | D:10     | Learned a level 7 spell: Summon Hydra
 10002 | D:10     | Learned a level 2 spell: Blink
 10159 | D:10     | Noticed a two-headed ogre
 10194 | D:10     | Killed a two-headed ogre
 10336 | D:10     | Reached skill level 5 in Fighting
 10647 | D:10     | Noticed a nameless horror
 10666 | D:10     | Killed a nameless horror
 11220 | D:11     | Noticed a boulder beetle
 11235 | D:11     | Killed a boulder beetle
 11236 | D:11     | Reached XP level 12. HP: 60/60 MP: 23/27
 11289 | D:11     | Found a transporter.
 11338 | D:11     | Found a transporter.
 11341 | D:11     | Found a transporter.
 11520 | D:11     | Noticed a nameless horror
 11526 | D:11     | Killed a nameless horror
 11570 | D:11     | Found a transporter.
 11668 | D:11     | Noticed sirJeffrey23's ghost (journeyman HOMo)
 11721 | D:11     | Found a transporter.
 11776 | D:11     | Found a transporter.
 11784 | D:11     | Found a transporter.
 11898 | D:11     | Found a transporter.
 12058 | Lair:1   | Entered Level 1 of the Lair of Beasts
 12814 | Lair:2   | Reached *** piety under Sif Muna
 12817 | Lair:2   | Found a staircase to the Snake Pit.
 13151 | Lair:2   | Reached XP level 13. HP: 65/65 MP: 25/29
 13818 | Lair:3   | Reached **** piety under Sif Muna
 14642 | Lair:3   | Found a staircase to the Shoals.
 15281 | Lair:4   | Found a runed translucent door.
 15282 | Lair:4   | Noticed drugrobin's ghost (journeyman DgFi)
 15515 | Lair:4   | Reached ***** piety under Sif Muna
 15515 | Lair:4   | Received a gift from Sif Muna
 15638 | Lair:4   | Identified the +1 robe of Keamaur {rPois}
 15827 | Lair:4   | Got Sif Muna's Catalogue of Ice and Moulding {god gift}
 15945 | Lair:4   | Reached skill level 5 in Shields
 16639 | Lair:5   | Noticed Snorg
 16710 | Lair:5   | Identified the +3 chain mail of Fortitude {rC+}
 16784 | Lair:5   | Found a runed translucent door.
 16784 | Lair:5   | Found a viscous altar of Jiyva.
 16785 | Lair:5   | Found a staircase to the Slime Pits.
 16793 | Lair:5   | Reached XP level 14. HP: 72/72 MP: 24/31
 16948 | Lair:5   | Killed Snorg
 17241 | Lair:6   | Entered Level 6 of the Lair of Beasts
 17327 | Lair:6   | Received a gift from Sif Muna
 17328 | Lair:6   | Got Sif Muna's Advanced Steps in Theurgy {god gift}
 17335 | Lair:6   | Learned a level 5 spell: Freezing Cloud
 17341 | Lair:6   | Learned a level 5 spell: Lightning Bolt
 18922 | Orc:1    | Entered Level 1 of the Orcish Mines
 19020 | Orc:1    | Identified 2 scrolls of acquirement
 19028 | Orc:1    | Found Latru's Antique Weapon Shoppe.
 19069 | Orc:1    | Found a dark tunnel.
 19072 | Orc:1    | Received a gift from Sif Muna
 19077 | Orc:1    | Got Sif Muna's Reference Book on Creation {god gift}
 19093 | Volcano  | Entered a volcano
 19222 | Volcano  | Reached XP level 15. HP: 77/77 MP: 21/34
 19396 | Volcano  | Noticed an orb of fire
 19463 | Volcano  | Noticed an orb of fire
 20195 | Orc:1    | Noticed an orc warlord
 20203 | Orc:1    | Killed an orc warlord
 20296 | Orc:1    | Received a gift from Sif Muna
 20300 | Orc:1    | Got Sif Muna's Disquisition on Hexes and Black Secrets {god
                  | gift}
 20308 | Orc:1    | Learned a level 6 spell: Summon Cactus Giant
 20426 | Orc:1    | Noticed an orc warlord
 20435 | Orc:1    | Killed an orc warlord
 20932 | Orc:2    | Entered Level 2 of the Orcish Mines
 20949 | Orc:2    | HP: 3/77 [orc warrior/bolt (6)]
 20949 | Orc:2    | HP: 1/77 [centaur/arrow (2)]
 20949 | Orc:2    | Shot with an arrow by a centaur

Illustrated notes

Levels and vault maps discovered:
D:1:      dpeg_arrival_rooms_with_view, layout_rooms,
          hellmonk_ecumenical_altar_zigzags
D:2:      layout_rooms
D:3:      layout_basic, fountainhead, grunt_ministairs_2,
          kennysheep_generic_room_7
D:4:      layout_gridville, nicolae_ru_awakened_eye
D:5:      layout_rooms, ebering_ghost_sewer_f
D:6:      gammafunk_cloud_chamber, layout_rooms
D:7:      hellmonk_crumbling_castle, layout_basic,
          minmay_temple_entry_gardened_gates, enter_bailey_2
D:8:      layout_rooms, uniq_amaemon
D:9:      layout_rooms, david_lair_generic, serial_co_window_serial,
          co_window_of_opportunity_a, co_window_paths_a, co_window_paths_b,
          co_window_paths_b, co_window_corner_a, co_window_paths_c,
          co_window_corner_cb, co_window_corner_ca, co_window_broadway_b,
          glass_columns_b, glass_columns_b, glass_columns_a, glass_columns_a,
          st_stairs_1
D:10:     layout_basic, st_stairs_2, uniq_harold
D:11:     layout_loops_ring, gammafunk_ghost_berserking_beasts,
          serial_nicolae_subway, nicolae_sub_station_stone,
          nicolae_sub_station_metal, nicolae_sub_station_crystal
Temple:   nicolae_temple_the_god_donut
Lair:1:   layout_cave_shapes, beast_lair_carwin_8
Lair:2:   layout_gridlike, guppyfry_snake_entry_island
Lair:3:   layout_roguey [special_room_bee], elwin_shoals_entry_rooms,
          small_statue_intersection, st_stairs_8, pond, lemuel_fruit_fields
Lair:4:   lemuel_reptile_caves, layout_long_grid, ebering_ghost_inner_flame,
          special_room [special_room_mythical_zoo], minmay_hedge_maze
Lair:5:   wander_river, layout_cave_shapes, slime_altar_2, uniq_snorg
Lair:6:   evilmike_catoblepas_cave, layout_regular_city
Orc:1:    layout_caves, serial_shops, shop, enter_volcano_3, minmay_orc_treasury
Orc:2:    st_orc_rangers, layout_caves, basic_altar, mines4_lemuel

Skill      XL: |  1  2  3  4  5  6  7  8  9 10 11 12 13 14 15 |
---------------+----------------------------------------------+-----
Spellcasting   | 3 4 5 6 7 9 10 11 12 14 | 14.9
Air Magic      | 1 2 3 4 5 6 7 8 |  8.5
Summonings     | 5 6 7 8 9 10 11 12 13 14 | 14.1
Fighting       | 1 2 3 4 5 6 7 8 |  8.2
Dodging        | 2 3 4 |  4.1
Stealth        | 3 4 |  4.7
Ice Magic      | 1 2 3 4 5 6 7 8 9 |  9.0
Polearms       | 1 2 3 4 |  4.0
Shields        | 1 2 3 4 5 |  5.0
Armour         | 2 3 4 |  4.3
Maces & Flails | |  0.7
Unarmed Combat | |  0.3

Action                   |  1- 3 |  4- 6 |  7- 9 | 10-12 | 13-15 || total
-------------------------+-------+-------+-------+-------+-------++-------
Melee: Whip              |    74 |    44 |       |       |       ||   118
       Unarmed           |     7 |       |       |       |       ||     7
       Bite              |    15 |     9 |     9 |    43 |   134 ||   210
       Punch             |     1 |     1 |       |     2 |     7 ||    11
       Spear             |       |     1 |    60 |   178 |   465 ||   704
       Staff             |       |       |       |       |     1 ||     1
 Cast: Summon Small Mamm |    29 |    16 |    12 |     9 |     5 ||    71
       Call Imp          |    14 |    39 |    25 |    38 |    37 ||   153
       Call Canine Famil |     5 |    29 |    17 |    30 |    62 ||   143
       Summon Ice Beast  |       |       |    28 |    40 |    65 ||   133
       Summon Lightning  |       |       |    24 |    56 |    59 ||   139
       Frozen Ramparts   |       |       |     1 |    13 |    24 ||    38
       Summon Hydra      |       |       |       |    10 |    83 ||    93
       Freezing Cloud    |       |       |       |       |    15 ||    15
       Lightning Bolt    |       |       |       |       |     8 ||     8
       Summon Cactus Gia |       |       |       |       |     6 ||     6
Invok: Channel Magic     |       |       |       |       |     1 ||     1
Evoke: Box of beasts     |       |       |       |       |     1 ||     1
       Phial of floods   |       |       |       |       |     1 ||     1
  Use: Scroll            |     2 |     2 |     9 |     4 |    10 ||    27
       Potion            |       |       |       |       |     1 ||     1
 Stab: Sleeping          |     3 |     1 |       |     2 |       ||     6
       Distracted        |       |     1 |     1 |     5 |    11 ||    18
Armor: Robe              |    23 |     6 |    10 |       |       ||    39
       Ring mail         |       |       |       |    44 |   108 ||   152
Dodge: Dodged            |    91 |    44 |    39 |    73 |   226 ||   473

Table legend: (Time is in decaauts)
 A = Elapsed time spent in this place.
 B = Non-inter-level travel time spent in this place.
 C = Inter-level travel time spent in this place.
 D = Time resting spent in this place.
 E = Time spent auto-exploring this place.
 F = Levels seen in this place.
 G = Mean time per level.
                   A        B        C        D        E       F      G
               +--------+--------+--------+--------+--------+-----+--------+
         Total |  21067 |  20320 |    747 |   2227 |  12606 |  22 |  957.6 |
       Dungeon |  11271 |  10911 |    360 |   1686 |   6764 |  11 | 1024.6 |
        Temple |    314 |    307 |      7 |      0 |    238 |   1 |  314.0 |
          Lair |   6892 |   6536 |    356 |    346 |   4346 |   6 | 1148.7 |
  Orcish Mines |   1334 |   1311 |     23 |      2 |    796 |   2 |  667.0 |
        Bailey |    596 |    596 |      0 |    126 |    208 |   1 |  596.0 |
       Volcano |    657 |    657 |      0 |     67 |    253 |   1 |  657.0 |
               +--------+--------+--------+--------+--------+-----+--------+

Top non-repeatable levels by time:
     D:1: 2188 daAuts
  Lair:4: 1763 daAuts
    D:10: 1504 daAuts
  Lair:6: 1435 daAuts
   Orc:1: 1317 daAuts
  Lair:3: 1292 daAuts
     D:9: 1125 daAuts
  Lair:2: 937 daAuts
     D:4: 935 daAuts
     D:2: 935 daAuts
    D:11: 854 daAuts
     D:7: 827 daAuts
     D:5: 771 daAuts
  Lair:1: 745 daAuts
     D:3: 723 daAuts
